 Dungeon Crawl Stone Soup version 0.31.0-32-g396128a36d (webtiles) character file.

Game seed: 2257542177291734181

724 KittyFluff the Ruffian (level 7, -3/67 HPs)
             Began as a Troll Shapeshifter on Mar 22, 2024.
             Slain by a gnoll
             ... wielding a +0 halberd
             ... led by a gnoll bouda
              (6 damage)
             ... on level 5 of the Dungeon.
             The game lasted 00:14:41 (2809 turns).

KittyFluff the Ruffian (Troll Shapeshifter)         Turns: 2809, Time: 00:14:42

Health: -3/67      AC:  4    Str: 23    XL:     7   Next: 43%
Magic:  6/6        EV:  5    Int:  6    God:
Gold:   155        SH:  0    Dex: 11    Spells: 6/6 levels left

rFire   . .          .
                       - Unarmed
rCold   . . .        (no shield)
rNeg    . . .        k - +0 robe
rPois   .            (helmet currently unavailable)
rElec   .            (cloak currently unavailable)
rCorr   .            (gloves unavailable)
SInv    +            (boots unavailable)
Will    .....        (no amulet)
Stlth   +            g - ring of see invisible
HPRegen 1.11/turn    (no ring)
MPRegen 0.10/turn

%: no passive effects
@: beast-form, held
A: beast (slay +2), large, unfitting armour, claws 3, regeneration 1, shaggy fur
1, tough skin 1
a: Begin Untransformation


You were on level 5 of the Dungeon.
You were a hulking beast.
You visited 1 branch of the dungeon, and saw 5 of its levels.

You collected 155 gold pieces.

Inventory:

Hand Weapons
 m - the +7 whip of Analysis {freeze, *Rage rF++}
   (You found it on level 2 of the Dungeon)

   rF++:      It greatly protects you from fire.
   *Rage:     It berserks you when you make melee attacks (+20% chance).
Missiles
 h - 16 stones (quivered)
 o - 3 poisoned darts
 w - 4 throwing nets
Armour
 k - a +0 robe (worn)
 t - an orb of wrath
 y - a scarf of shadows
Magical Staves
 e - a staff of conjuration
 C - the staff of Fedhas's Approval {rF+ rN+ Necro}
   (You found it on level 4 of the Dungeon)

   [staff of death]

   Base accuracy: +5 Base damage: 5 Base attack delay: 1.2 This weapon's minimum
   attack delay (0.6) is reached at skill level 12.
   rF+:       It protects you from fire.
   rN+:       It protects you from negative energy.
   Necro:     It increases the power of your Necromancy spells.
   It falls into the 'Staves' category.
   It is a one-clawed weapon.
Jewellery
 g - a ring of see invisible (left claw)
 q - a ring of see invisible
Talismans
 c - a beast talisman
 d - a flux talisman
Wands
 E - a wand of flame (22)
Scrolls
 a - a scroll of fog {unknown}
 i - a scroll of torment {unknown}
 j - 2 scrolls of immolation
 l - a scroll of enchant armour {unknown}
 n - a scroll of poison {unknown}
 u - 2 scrolls of blinking {unknown}
 x - a scroll of vulnerability {unknown}
 z - 3 scrolls of identify {unknown}
 A - a scroll of amnesia {unknown}
Potions
 b - 2 potions of lignification
 f - a potion of heal wounds
 p - a potion of curing {unknown}
 r - a potion of degeneration {unknown}
 s - a potion of attraction {unknown}
 v - a potion of brilliance {unknown}
 B - a potion of resistance {unknown}
 D - a potion of cancellation {unknown}


   Skills:
 + Level 3.3 Fighting
 + Level 3.6 Dodging
 + Level 5.1 Unarmed Combat
 + Level 4.7 Shapeshifting


You had 6 spell levels left.
You didn't know any spells.
Your spell library was empty.

Dungeon Overview and Level Annotations

Branches:
Dungeon (5/15)
 Temple: D:4-7

Altars:
Fedhas


Innate Abilities, Weirdness & Mutations

You are a hulking beast.
Your limbs bulge with bestial killing power. (Slay +2)
You are too large for most types of armour.
You have claws for hands.
Your natural rate of healing is unusually fast.
You are covered in fur. (AC +1)
You have tough skin. (AC +1)


Message History

The gnoll hits you from afar with a +0 halberd!
The gnoll closely misses you. x2
You closely miss the gnoll.
The gnoll is heavily wounded.
The gnoll closely misses you. The gnoll hits you with a +0 spear.
You scratch the gnoll.
The gnoll is severely wounded.
The gnoll hits you with a +0 spear.
The gnoll hits you from afar with a +0 halberd!
You scratch the gnoll.
You kill the gnoll!
The gnoll hits you from afar with a +0 halberd!
The gnoll barely misses you. The gnoll hits you with a +0 whip!
* * * LOW HITPOINT WARNING * * *
You barely miss the gnoll.
The gnoll hits you from afar with a +0 halberd!
* * * LOW HITPOINT WARNING * * *
The gnoll hits you from afar with a +0 halberd.
* * * LOW HITPOINT WARNING * * *
The gnoll barely misses you.
It was a potion of heal wounds.
You feel much better.
An iguana comes into view.
The gnoll completely misses you. The gnoll hits you but does no damage.
The iguana hisses angrily.
You mangle the gnoll bouda!!
You kill the gnoll bouda!
The gnoll barely misses you.
The gnoll hits you from afar with a +0 halberd!
* * * LOW HITPOINT WARNING * * *
You claw the gnoll!
You kill the gnoll!
The gnoll barely misses you. x2; The gnoll throws a throwing net.
The throwing net hits you.
You become entangled in the net!
You struggle against the net.
The gnoll completely misses you. The gnoll barely misses you. x2
You struggle against the net.
The gnoll is no longer moving quickly.
The gnoll hits you from afar with a +0 halberd!
* * * LOW HITPOINT WARNING * * *
The gnoll hits you from afar with a +0 halberd.
You die...

#..# #..#
#..# #
#..# .#
###..##.#
.......#
#.....#
#.# #h#
#g...#
..gg.#
###.l.#
...# $...
.....
......


You could see an iguana and 3 gnolls.

Vanquished Creatures
  Grinder (D:3)
  The ghost of Natenado the Magician, an amateur DjFE (D:4)
  A black bear (D:4)
  A phantom (D:4)
  A gnoll bouda (D:5)
  10 gnolls
  5 adders (D:3)
  2 ribbon worms (D:4)
  5 orcs (D:4)
  4 bats
  8 endoplasms
  4 giant cockroaches
  9 goblins
  3 hobgoblins
  9 jackals
  4 ball pythons
  2 frilled lizards
  4 kobolds
  6 rats
80 creatures vanquished.

Notes
Turn   | Place    | Note
-------+----------+-------------------------------------------
     0 | D:1      | KittyFluff the Troll Shapeshifter began the quest for the
                  | Orb.
     0 | D:1      | Reached XP level 1. HP: 18/18 MP: 0/0
   277 | D:1      | Reached skill level 1 in Fighting
   311 | D:1      | Reached XP level 2. HP: 27/27 MP: 1/1
   765 | D:2      | Identified the +7 whip of Analysis {freeze, *Rage rF++}
   961 | D:2      | Found a blossoming altar of Fedhas.
   973 | D:2      | Reached XP level 3. HP: 31/33 MP: 2/2
  1081 | D:3      | Found a faded altar of an unknown god.
  1171 | D:3      | Noticed Grinder
  1180 | D:3      | Killed Grinder
  1181 | D:3      | Reached skill level 4 in Unarmed Combat
  1181 | D:3      | Reached XP level 4. HP: 39/44 MP: 3/3
  1181 | D:3      | Reached XP level 5. HP: 45/50 MP: 4/4
  1577 | D:3      | Reached XP level 6. HP: 59/59 MP: 5/5
  2314 | D:4      | Reached XP level 7. HP: 67/67 MP: 6/6
  2320 | D:4      | Found a runed translucent door.
  2322 | D:4      | Noticed Natenado's ghost (amateur DjFE)
  2332 | D:4      | Killed Natenado's ghost
  2333 | D:4      | Reached skill level 5 in Unarmed Combat
  2341 | D:4      | Identified the staff of Fedhas's Approval {rF+ rN+ Necro}
  2795 | D:5      | Entered Level 5 of the Dungeon
  2804 | D:5      | HP: 2/67 [gnoll/+0 halberd[a gnoll bouda] (6)]
  2809 | D:5      | HP: 3/67 [gnoll/+0 halberd[a gnoll bouda] (13)]
  2809 | D:5      | Slain by a gnoll

Illustrated notes

Levels and vault maps discovered:
D:1:      dpeg_arrival_rhombus, layout_loops_ring
D:2:      layout_rooms, basic_altar
D:3:      layout_loops_ring, shapermc_ecumenical_altar_starsandcircs,
          minmay_distorted, uniq_grinder
D:4:      layout_layer_cave, ebering_ghost_inner_flame
D:5:      layout_loops_ring, minmay_crystal_room

Skill      XL: |  1  2  3  4  5  6  7 |
---------------+----------------------+-----
Fighting       | 1 2 3 |  3.3
Dodging        | 2 3 |  3.6
Unarmed Combat | 4 5 |  5.1
Shapeshifting  | 4 |  4.7

Action                     |  1- 3 |  4- 6 |  7- 9 || total
---------------------------+-------+-------+-------++-------
  Melee: Unarmed           |    34 |       |     7 ||    41
         Whip              |    43 |    75 |     9 ||   127
         Punch             |     1 |     2 |       ||     3
  Throw: Stone             |    10 |       |       ||    10
    Use: Potion            |       |       |     1 ||     1
 Armour: Animal skin       |    17 |       |       ||    17
         Robe              |    29 |    53 |    21 ||   103
  Dodge: Dodged            |    34 |    29 |    17 ||    80
